 Dungeon Crawl Stone Soup version 0.30-a0-331-g8ab09dc110 (webtiles) character file.

Game seed: 17492046930073214797

7923 Muataran the Cleaver (level 11, -8/100 HPs)
             Began as a Hill Orc Fighter on Oct 29, 2022.
             Was a Priest of Nemelex Xobeh.
             Mangled by a two-headed ogre
             ... wielding a +0 giant spiked club
              (16 damage)
             ... on level 10 of the Dungeon.
             The game lasted 00:29:01 (11930 turns).

Muataran the Cleaver (Hill Orc Fighter)            Turns: 11930, Time: 00:29:02

Health: -8/100     AC: 15    Str: 24    XL:     11   Next: 22%
Magic:  11/11      EV:  7    Int:  8    God:    Nemelex Xobeh [***...]
Gold:   608        SH:  9    Dex: 10    Spells: 10/10 levels left

rFire   . . .      SeeInvis .    a - +0 war axe
rCold   . . .      Faith    .    K - +0 kite shield
rNeg    . . .      Spirit   .    p - +0 chain mail
rPois   .          Reflect  .    l - +0 helmet "Hagien" {rCorr}
rElec   .          Harm     .    g - +0 cloak
rCorr   +          Rampage  .    (no gloves)
Will    +....                    A - +0 pair of boots
Stlth   ..........               (no amulet)
HPRegen 0.36/turn                i - ring of willpower
MPRegen 0.12/turn                (no ring)

@: hasted, very quick
A: no striking features
a: Renounce Religion, Draw Escape, Draw Destruction, Draw Summoning, Triple Draw


You were on level 10 of the Dungeon.
You worshipped Nemelex Xobeh.
Nemelex Xobeh was most pleased with you.
You visited 1 branch of the dungeon, and saw 11 of its levels.
You also visited: Sewer.

You collected 608 gold pieces.

Inventory:

Hand Weapons
 a - a +0 war axe (weapon)
Armour
 b - a +0 scale mail
 c - a +1 buckler
 g - a +0 cloak (worn)
 l - the +0 helmet "Hagien" (worn) {rCorr}
   (You found it on level 4 of the Dungeon)

   rCorr:     It protects you from acid and corrosion.
 p - a +0 chain mail (worn)
 A - a +0 pair of boots (worn)
 K - a +0 kite shield (worn)
Jewellery
 e - a ring of magical power
 h - an amulet of guardian spirit
 i - a ring of willpower (left hand)
 C - a ring of flight
Wands
 r - a wand of polymorph (4)
 D - a wand of quicksilver (8)
Scrolls
 u - 3 scrolls of vulnerability {unknown}
 w - 4 scrolls of amnesia
 y - 2 scrolls of enchant armour
 z - 2 scrolls of magic mapping
 E - 2 scrolls of blinking
 F - 2 scrolls of immolation
 G - 5 scrolls of identify
 H - a scroll of fear
 J - a scroll of teleportation
Potions
 d - a potion of might
 f - 2 potions of haste
 j - 5 potions of attraction
 k - 2 potions of degeneration
 n - a potion of lignification {unknown}
 o - a potion of berserk rage {unknown}
 q - 2 potions of cancellation
 s - 4 potions of flight
 t - 2 potions of magic
 v - 2 potions of heal wounds {unknown}
 x - a potion of ambrosia {unknown}
 B - a potion of resistance {unknown}
 I - 2 potions of brilliance


   Skills:
 + Level 10.2 Fighting
 * Level 14.7 Axes
 + Level 9.5 Armour
 + Level 5.5 Shields
 + Level 4.0 Evocations


You had 10 spell levels left.
You didn't know any spells.
Your spell library contained the following spells:

 Spells                   Type           Power      Damage    Failure   Level
 Magic Dart               Conj           0%         1d3       100%        1
 Call Imp                 Summ           0%         N/A       100%        2
 Sublimation of Blood     Necr           0%         N/A       100%        2
 Wereblood                Tmut           0%         N/A       100%        2
 Mephitic Cloud           Conj/Pois/Air  0%         N/A       100%        3
 Airstrike                Air            0%         2d(0-16)  100%        4
 Summon Lightning Spire   Summ/Air       0%         N/A       100%        4
 Iskenderun's Battlesphe  Conj           0%         2d6       100%        5
 Lightning Bolt           Conj/Air       0%         1d11      100%        5
 Iron Shot                Conj/Erth      0%         9d1       100%        6
 Spellforged Servitor     Conj/Summ      0%         N/A       100%        7
 Summon Hydra             Summ           0%         N/A       100%        7


Dungeon Overview and Level Annotations

Branches:
Dungeon (11/15)            Temple (0/1) D:7            Lair (0/5) D:8
    Orc (0/2) D:10          Sewer (visited)

Altars:
Cheibriados
Elyvilon
Kikubaaqudgha
Makhleb
Nemelex Xobeh
Okawaru
Qazlal
Sif Muna
Wu Jian
Yredelemnul

Shops:
D:1 [   D:2 :

Annotations:
D:2 Darkkill's ghost, amateur MiHu
D:8 2 transporters


Message History

The two-headed ogre closely misses you.
You hit the two-headed ogre but do no damage.
The two-headed ogre is severely wounded.
Something hits you.
You slash the two-headed ogre!
The two-headed ogre is almost dead.
You slash something! Something hits you but does no damage.
The two-headed ogre hits you with a +0 giant spiked club!
* * * LOW HITPOINT WARNING * * *
The two-headed ogre hits you but does no damage.
You barely miss the two-headed ogre.
The two-headed ogre is almost dead.
Something completely misses you. Something hits you!
* * * LOW HITPOINT WARNING * * *
You closely miss the two-headed ogre.
The two-headed ogre is almost dead.
You hit something but do no damage. Something hits you but does no damage.
The two-headed ogre hits you with a +0 giant spiked club!
* * * LOW HITPOINT WARNING * * *
The two-headed ogre hits you but does no damage.
You hit the two-headed ogre.
The two-headed ogre is almost dead.
The two-headed ogre closely misses you. The two-headed ogre barely misses you.
Something hits you!
* * * LOW HITPOINT WARNING * * *
You feel better. Something hits you but does no damage.
Okay, then.
Okay, then.
You feel yourself speed up. Something hits you but does no damage.
The two-headed ogre hits you with a +0 giant spiked club!
* * * LOW HITPOINT WARNING * * *
You block the two-headed ogre's attack.
You hit the two-headed ogre.
The two-headed ogre is almost dead.
You feel better. Something hits you!
* * * LOW HITPOINT WARNING * * *
The two-headed ogre closely misses you.
The two-headed ogre hits you with a +0 giant club!
You die...
Your body glows slightly and disappears.

# # # # # #
################## ######
..............#..###....#
..............#O@.......#
..............#.........#
..............#........(#
..............#.........#
..............'.........#
..............#...##....#
.......########...#######
.......#.....#.....#
.......+.....#.....#


You could see a two-headed ogre.

Vanquished Creatures
  2 two-headed ogres
  Pikel (D:6)
  An elephant (D:8)
  Grinder (D:3)
  A shadow (D:10)
  2 wraiths
  3 wyverns
  4 yaks (D:10)
  A basilisk (D:8)
  2 acid dragons
  A water moccasin (D:8)
  2 orc warriors
  A sky beast (D:7)
  4 black bears
  A lemure (D:6)
  A phantom (D:7)
  5 centaurs
  Blork the orc (D:6)
  3 kobold brigands
  4 bullfrogs
  A necrophage (D:7)
  A gnoll sergeant (D:9)
  A scorpion (D:3)
  6 wights
  9 killer bees
  3 howler monkeys (D:7)
  An electric eel (D:6)
  5 hounds
  A jelly (D:4)
  6 orc priests
  9 orc wizards
  2 iguanas (D:6)
  16 gnolls
  11 adders
  2 shadow imps
  2 ufetubi
  5 worms
  31 orcs
  8 ball pythons
  10 endoplasms
  6 giant cockroaches
  32 goblins
  19 hobgoblins
  2 jackals (D:4)
  15 kobolds
  A quokka (D:2)
  12 bats
  2 frilled lizards
  7 rats
267 creatures vanquished.

Vanquished Creatures (others)
  A sky beast (D:7)
  A fungus (D:6)
2 creatures vanquished.

Grand Total: 269 creatures vanquished

Notes
Turn   | Place    | Note
-------+----------+-------------------------------------------
     0 | D:1      | Muataran the Hill Orc Fighter began the quest for the Orb.
     0 | D:1      | Reached XP level 1. HP: 19/19 MP: 1/1
    70 | D:1      | Reached skill level 3 in Axes
    80 | D:1      | Reached XP level 2. HP: 27/27 MP: 2/2
   291 | D:1      | Found Ippa's Antique Armour Boutique.
   636 | D:2      | Reached XP level 3. HP: 12/33 MP: 3/3
   979 | D:2      | Found Weucrid's Book Shoppe.
  1284 | D:3      | Reached skill level 4 in Axes
  1284 | D:3      | Reached XP level 4. HP: 31/40 MP: 4/4
  1326 | D:3      | Noticed a scorpion
  1343 | D:3      | Killed a scorpion
  1344 | D:3      | Reached XP level 5. HP: 32/47 MP: 5/5
  1530 | D:3      | Noticed Grinder
  1547 | D:3      | Paralysed by Grinder for 3 turns
  1552 | D:3      | Killed Grinder
  1553 | D:3      | Reached skill level 5 in Fighting
  1553 | D:3      | Reached skill level 5 in Axes
  1553 | D:3      | Reached XP level 6. HP: 36/56 MP: 6/6
  1758 | D:3      | Reached skill level 6 in Axes
  1798 | D:3      | Found a large runed translucent door.
  1799 | D:3      | Found a large runed translucent door.
  1807 | D:3      | Noticed Darkkill's ghost (amateur MiHu)
  1889 | D:3      | Found a sparkling altar of Nemelex Xobeh.
  2550 | D:3      | Became a worshipper of Nemelex Xobeh the Trickster
  2896 | D:4      | Identified the +0 helmet "Hagien" {rCorr}
  3004 | D:4      | Reached XP level 7. HP: 56/61 MP: 7/7
  3543 | D:5      | Entered Level 5 of the Dungeon
  3567 | D:5      | Found a glowing drain.
  3599 | Sewer    | Entered a sewer
  3908 | Sewer    | Reached skill level 5 in Armour
  3908 | Sewer    | Reached skill level 5 in Shields
  3980 | Sewer    | Reached skill level 7 in Axes
  4460 | D:5      | Found a stormy altar of Qazlal.
  4467 | D:5      | Found an iron altar of Okawaru.
  4854 | D:5      | Reached skill level 8 in Axes
  4854 | D:5      | Reached XP level 8. HP: 66/70 MP: 8/8
  4957 | D:5      | Reached * piety under Nemelex Xobeh
  4957 | D:5      | Received a gift from Nemelex Xobeh
  5181 | D:6      | Found a basalt altar of Yredelemnul.
  5378 | D:6      | Noticed Blork the orc
  5394 | D:6      | Killed Blork the orc
  5395 | D:6      | Reached skill level 9 in Axes
  5865 | D:6      | Noticed Pikel
  5876 | D:6      | Killed Pikel
  5877 | D:6      | Reached skill level 10 in Axes
  5877 | D:6      | Reached XP level 9. HP: 71/79 MP: 9/9
  6398 | D:7      | Found a staircase to the Ecumenical Temple.
  6528 | D:7      | Reached skill level 11 in Axes
  6694 | D:7      | Found a burning altar of Makhleb.
  7079 | D:7      | Found an ornate altar of the Wu Jian Council.
  7095 | D:7      | Reached skill level 12 in Axes
  7890 | D:8      | Found a white marble altar of Elyvilon.
  7911 | D:8      | Reached XP level 10. HP: 28/90 MP: 10/10
  8155 | D:8      | Found a transporter.
  8156 | D:8      | Found a transporter.
  8156 | D:8      | Noticed a boulder beetle
  8194 | D:8      | Found a staircase to the Lair.
  8194 | D:8      | Noticed an elephant
  8217 | D:8      | Killed an elephant
  8218 | D:8      | Reached skill level 13 in Axes
  8218 | D:8      | Reached skill level 1 in Evocations
  8691 | D:8      | Reached ** piety under Nemelex Xobeh
  9143 | D:9      | Noticed a two-headed ogre
  9159 | D:9      | Killed a two-headed ogre
  9631 | D:9      | Reached skill level 14 in Axes
  9668 | D:9      | Found a snail-covered altar of Cheibriados.
 10016 | D:10     | Entered Level 10 of the Dungeon
 10032 | D:10     | Received a gift from Nemelex Xobeh
 10126 | D:10     | Reached *** piety under Nemelex Xobeh
 10306 | D:10     | Noticed a two-headed ogre
 10560 | D:10     | Reached XP level 11. HP: 93/99 MP: 11/11
 10572 | D:10     | Reached skill level 10 in Fighting
 10919 | D:10     | Found a shimmering blue altar of Sif Muna.
 10920 | D:10     | Found a staircase to the Orcish Mines.
 11427 | D:10     | Killed a two-headed ogre
 11639 | D:10     | Found an ancient bone altar of Kikubaaqudgha.
 11819 | D:11     | Noticed a two-headed ogre
 11926 | D:10     | HP: 3/100 [something (8)]
 11930 | D:10     | Mangled by a two-headed ogre

Illustrated notes

Levels and vault maps discovered:
D:1:      minmay_arrival_four_loops, layout_basic, serial_shops, shop_fountains,
          minmay_strange_pillars
D:2:      layout_basic, serial_shops, shop
D:3:      minmay_skewed_foursquare, layout_loops_corners,
          mainiacjoe_overflow_catwalk, ebering_ghost_disaster_area,
          minmay_box_of_dots, uniq_grinder
D:4:      layout_rooms
D:5:      layout_loops_cross, grunt_temple_overflow_open,
          cheibrodos_sewer_entry_drain
D:6:      minmay_goblin_kobold_castle, layout_loops_cross,
          mainiacjoe_overflow_cross_hatched, uniq_blork_the_orc, uniq_pikel
D:7:      kb_forest_paths, layout_loops_corners,
          mainiacjoe_overflow_catch_the_wave
D:8:      gammafunk_boulding_lane, layout_rooms, elyvilon_altar_5,
          david_lair_generic
D:9:      layout_roguey, cheibrodos_worm_habitat
D:10:     layout_gridville, mainiacjoe_overflow_large_starburst, orc_0_dummy
D:11:     layout_gridville

Skill      XL: |  1  2  3  4  5  6  7  8  9 10 11 |
---------------+----------------------------------+-----
Axes           | 3 4 5 6 8 10 12 14 | 14.7
Fighting       | 4 5 6 7 8 9 10 | 10.2
Armour         | 4 5 6 8 9 |  9.5
Shields        | 4 5 |  5.5
Evocations     | 3 4 |  4.0

Action                   |  1- 3 |  4- 6 |  7- 9 | 10-12 || total
-------------------------+-------+-------+-------+-------++-------
Melee: War axe           |    88 |   102 |   526 |   298 ||  1014
Invok: Draw Destruction  |       |       |       |     1 ||     1
  Use: Potion            |       |     3 |       |     6 ||     9
       Scroll            |       |     5 |     6 |     5 ||    16
Armor: Scale mail        |    64 |     8 |       |       ||    72
       Chain mail        |       |    36 |   308 |   190 ||   534
Dodge: Dodged            |    51 |    31 |   169 |   111 ||   362
Block: Buckler           |    33 |    22 |   165 |    94 ||   314
       Kite shield       |       |       |       |    26 ||    26

Table legend: (Time is in decaauts)
 A = Elapsed time spent in this place.
 B = Non-inter-level travel time spent in this place.
 C = Inter-level travel time spent in this place.
 D = Time resting spent in this place.
 E = Time spent auto-exploring this place.
 F = Levels seen in this place.
 G = Mean time per level.
                   A        B        C        D        E       F      G
               +--------+--------+--------+--------+--------+-----+--------+
         Total |  12101 |  11760 |    341 |   2951 |   6698 |  12 | 1008.4 |
       Dungeon |  11358 |  11017 |    341 |   2703 |   6426 |  11 | 1032.5 |
         Sewer |    742 |    742 |      0 |    248 |    271 |   1 |  742.0 |
               +--------+--------+--------+--------+--------+-----+--------+

Top non-repeatable levels by time:
    D:10: 1915 daAuts
     D:7: 1487 daAuts
     D:6: 1422 daAuts
     D:3: 1387 daAuts
     D:9: 1229 daAuts
     D:8: 895 daAuts
     D:1: 828 daAuts
     D:5: 807 daAuts
   Sewer: 742 daAuts
     D:2: 706 daAuts
     D:4: 673 daAuts
    D:11: 5 daAuts
